Map: Orbital Shipyard

Players

Lockhead

  • Race: Terran Terran
  • League: Diamond

LilDicky - Winner!

  • Race: Terran Terran
  • League: Diamond

VOD

http://www.twitch.tv/tumescentpie

Description

Time

  • Played on: Dec. 31, 2015, 1 a.m.
  • Length: 8:56
Show
View Real Time Build Order
Export as new Build Order

Lockhead Terran 

Build Orders:  

Get SALT Encoding   

  12  0:01  SCV  
  13  0:13  SCV  
  14  0:20  Supply Depot  
  14  0:26  SCV  
  15  0:38  Refinery  
  15  0:42  SCV  
  16  0:45  Barracks  
  16  0:54  SCV  
  17  1:12  Barracks  
  17  1:15  Barracks  
  17  1:23  SCV  
  18  1:29  Refinery  
  18  1:33  Reaper  
  19  1:42  Supply Depot  
  19  1:47  SCV  
  20  2:01  Reaper  
  21  2:02  Reaper  
  22  2:10  Reaper  
  22  2:12  SCV  
  24  2:18  Supply Depot  
  24  2:29  Orbital Command  
  24  2:33  Reaper  
  25  2:37  Reaper  
  25  2:42  Reaper  
  27  2:54  SCV  
  28  3:06  SCV  
  29  3:25  Marine x3  
  30  3:28  Factory  
  30  3:39  SCV  
  31  3:42  Command Center  
  31  3:48  Marine x3  
  31  3:52  SCV  
  35  3:56  Engineering Bay  
  35  4:07  Marine x2  
  36  4:13  Factory Tech Lab  
  36  4:26  Starport  
  32  4:32  Siege Tank, Marine  
  32  4:33  Marine x2  
  32  4:36  Supply Depot  
  38  4:40  Supply Depot  
  38  4:47  Liberator  
  38  4:50  Marine x2  
  37  5:00  Marine  
  41  5:08  Marine  
  39  5:18  Marine  
  39  5:22  Siege Tank  
  39  5:26  Supply Depot, Marine  
  43  5:37  Orbital Command  
  43  5:39  Marine  
  44  5:43  Terran Infantry Weapons Level 1  
  44  5:44  Marine  
  45  6:13  SCV  
  45  6:14  SCV, Marine x2  
  49  6:24  Command Center  
  49  6:25  SCV  
  49  6:28  SCV  
  51  6:40  Marine  
  51  6:41  Marine  
  51  6:42  Starport Reactor  
  51  6:44  SCV, Siege Tank  
  51  6:47  SCV, Missile Turret  
  57  6:49  Missile Turret  
  58  6:54  Missile Turret  
  58  6:56  SCV  
  58  6:59  SCV  
  58  7:01  Barracks Tech Lab  
  60  7:09  SCV  
  60  7:12  Barracks  
  60  7:13  Barracks Reactor  
  60  7:15  Missile Turret  
  61  7:16  Supply Depot x2  
  61  7:17  SCV  
  62  7:36  Viking, Marine  
  65  7:40  Supply Depot  
  65  7:43  Missile Turret x2  
  65  7:48  Missile Turret, Orbital Command  
  65  7:50  SCV  
  66  7:55  Marine x2  
  66  7:58  SCV  
  69  8:05  Missile Turret  
  69  8:09  Barracks Tech Lab  
  68  8:14  Barracks  
  68  8:19  Viking  
Show
View Real Time Build Order
Export as new Build Order

LilDicky Terran - Winner!

Build Orders: 1/1/1, Liberator Opening 

Get SALT Encoding   

  12  0:01  SCV  
  13  0:13  SCV  
  14  0:18  Supply Depot  
  14  0:26  Refinery  
  14  0:27  SCV  
  15  0:39  SCV  
  16  0:45  Barracks  
  16  0:52  SCV  
  17  1:04  SCV  
  18  1:16  SCV  
  19  1:29  Refinery  
  19  1:32  Marine  
  21  1:36  Factory  
  21  1:37  Orbital Command  
  20  1:47  Supply Depot  
  20  1:50  Marine  
  21  2:03  SCV  
  21  2:08  Marine  
  23  2:15  SCV  
  24  2:20  Factory Tech Lab  
  24  2:22  Starport  
  24  2:26  Marine  
  24  2:27  SCV  
  26  2:34  Supply Depot  
  26  2:38  Siege Tank  
  26  2:39  SCV  
  26  2:43  Marine  
  31  2:45  Liberator  
  31  2:56  SCV  
  35  3:08  SCV  
  35  3:12  Marine  
  37  3:20  SCV  
  38  3:30  Command Center  
  38  3:32  Supply Depot  
  38  3:36  SCV  
  38  3:37  Liberator  
  39  3:42  Siege Tank  
  45  4:02  SCV  
  46  4:03  Supply Depot  
  46  4:12  Marine  
  46  4:14  SCV  
  48  4:20  Siege Tank  
  48  4:27  SCV  
  42  5:00  Siege Tank  
  42  5:06  Liberator  
  38  5:25  Orbital Command  
  38  5:27  SCV  
  40  5:28  Refinery  
  40  5:37  Refinery  
  40  5:39  SCV  
  41  5:49  Liberator  
  41  5:52  SCV  
  42  6:11  SCV, Starport  
  42  6:14  SCV  
  43  6:31  Command Center, SCV x2  
  45  6:34  Liberator  
  45  6:36  Engineering Bay  
  45  6:43  SCV  
  45  6:44  SCV  
  47  6:49  Viking  
  47  6:53  Siege Tank  
  55  6:55  SCV  
  55  6:57  SCV  
  57  7:01  Supply Depot  
  57  7:06  Refinery  
  57  7:08  SCV  
  58  7:09  SCV  
  58  7:11  Missile Turret  
  59  7:16  Marine  
  59  7:20  SCV  
  59  7:21  SCV  
  62  7:30  Viking  
  62  7:32  SCV  
  62  7:33  SCV  
  62  7:36  Hi-Sec Auto Tracking, Missile Turret  
  66  7:37  Missile Turret  
  66  7:39  Missile Turret  
  66  7:43  Supply Depot  
  66  7:44  SCV  
  66  7:45  SCV  
  66  7:47  Orbital Command  
  68  7:51  Siege Tank  
  71  8:01  SCV  
  71  8:03  SCV  
  73  8:23  Siege Tank  
  76  8:31  Marine  
  77  8:41  Missile Turret  
Tags
 
Add a new tag
Caveats
  • Supply blocks, unpowered buildings, or Contaminate may cause inaccurate times.
  • Supply counts are checked every 10 seconds.